 Dungeon Crawl Stone Soup version 0.27-a0-1591-gc56fcc985a (webtiles) character file.

Game seed: 547581731772048446

3714 Anon1729 the Carver (level 9, 0/82 HPs)
             Began as a Minotaur Monk on July 19, 2021.
             Was a Priest of Fedhas.
             Slain by Gastronok (34 damage)
             ... on level 8 of the Dungeon.
             The game lasted 00:10:30 (8884 turns).

Anon1729 the Carver (Minotaur Monk)                 Turns: 8884, Time: 00:10:31

Health: 0/82       AC:  6    Str: 19    XL:     9   Next: 91%
Magic:  9/11       EV: 23    Int:  7    God:    Fedhas [***...]
Gold:   347        SH:  0    Dex: 13    Spells: 8/8 levels left

rFire    . . .     SeeInvis .   q - +0 great sword
rCold    . . .     Faith    .   (shield currently unavailable)
rNeg     . . .     Spirit   .   z - +0 steam dragon scales
rPois    .         Reflect  .   (helmet restricted)
rElec    .         Harm     .   (no cloak)
rCorr    .         Rampage  .   w - +0 pair of gloves
Will     .....                  (no boots)
Stlth    +++.......             (no amulet)
HPRegen  0.23/turn              h - +4 ring of evasion
MPRegen  0.12/turn              D - +4 ring of evasion

@: no status effects
A: horns 2, retaliatory headbutt
a: Renounce Religion, Wall of Briars, Grow Ballistomycete


You were on level 8 of the Dungeon.
You worshipped Fedhas.
Fedhas was most pleased with you.
You visited 2 branches of the dungeon, and saw 9 of its levels.

You collected 347 gold pieces.

Inventory:

Hand Weapons
 a - a +0 falchion
 d - a +1 short sword of draining
 q - a +0 great sword (weapon)
 J - a +0 scimitar
Missiles
 x - 5 javelins (quivered)
 y - 2 throwing nets
Armour
 b - a +0 robe
 w - a +0 pair of gloves (worn)
 z - +0 steam dragon scales (worn)
Jewellery
 h - a +4 ring of evasion (left hand)
 D - a +4 ring of evasion (right hand)
 E - a ring of protection from cold
 H - an amulet of regeneration
Wands
 v - a wand of digging (3)
 C - a wand of acid (6)
 F - a wand of iceblast (5)
Scrolls
 c - 4 scrolls of identify {unknown}
 e - 2 scrolls of enchant armour {unknown}
 k - 2 scrolls of fog {unknown}
 l - 2 scrolls of blinking {unknown}
 n - 3 scrolls of amnesia {unknown}
 o - 3 scrolls of holy word {unknown}
 p - 2 scrolls of acquirement {unknown}
 s - 5 scrolls of teleportation {unknown}
 t - a scroll of immolation {unknown}
Potions
 f - 2 potions of haste {unknown}
 g - 2 potions of flight {unknown}
 i - 4 potions of curing {unknown}
 j - a potion of magic {unknown}
 m - 2 potions of might {unknown}
 r - a potion of resistance {unknown}
 u - 2 potions of heal wounds {unknown}
 A - a potion of brilliance {unknown}
 B - a potion of berserk rage {unknown}
 G - a potion of invisibility {unknown}
 I - a potion of degeneration {unknown}


   Skills:
 + Level 8.8 Fighting
 * Level 10.2 Long Blades
 - Level 2.0 Armour
 + Level 8.1 Dodging
 - Level 4.4 Stealth
 + Level 4.6 Invocations


You had 8 spell levels left.
You didn't know any spells.
Your spell library contained the following spells:

 Spells                   Type           Power      Damage    Failure   Level
 Animate Skeleton         Necr           0%         N/A       43%         1
 Apportation              Tloc           0%         N/A       43%         1
 Corona                   Hex            0%         N/A       43%         1
 Summon Small Mammal      Summ           0%         N/A       43%         1
 Slow                     Hex            0%         N/A       56%         2
 Confusing Touch          Hex            0%         N/A       80%         3
 Vampiric Draining        Necr           0%         2d6       80%         3
 Airstrike                Air            0%         N/A       99%         4
 Summon Lightning Spire   Summ/Air       0%         N/A       99%         4
 Lightning Bolt           Conj/Air       0%         1d11      100%        5


Dungeon Overview and Level Annotations

Branches:
Dungeon (8/15)             Temple (1/1) D:7
   Lair: D:8-11

Altars:
Ashenzari
Cheibriados
Elyvilon
Fedhas
Gozag
Hepliaklqana
Kikubaaqudgha
Makhleb
Nemelex Xobeh
Okawaru
Qazlal
Sif Muna
Trog
Uskayaw
Xom
The Shining One

Shops:
D:1 *

Annotations:
D:4 exclusion: black bear
D:8 Gastronok


Innate Abilities, Weirdness & Mutations

You have a pair of horns on your head.
You reflexively headbutt those who attack you in melee.


Message History

t - Shout!
Orders for allies: a - Attack new target. r - Retreat! s - Stop attacking. g - Guard the area. f - Follow me.
Anything else - Cancel.
Gang up on whom?
Press: ? - help, Dir - move target, f - Gastronok
Aim: Gastronok, wearing a +2 hat (ally target) Attack!
A ballistomycete spore comes into view.
A ballistomycete spore comes into view.
Your ballistomycete spore explodes!
Gastronok appears confused.
The explosion of spores engulfs Gastronok!
Gastronok is lightly wounded.
A ballistomycete spore comes into view.
Your ballistomycete spore explodes!
Gastronok seems less confused.
Gastronok waves his eye-stalks in wide circles.
The air twists around and strikes you!!
Your ballistomycete spore explodes!
Gastronok appears confused.
The explosion of spores engulfs Gastronok!
Gastronok is lightly wounded.
You slash Gastronok!
You headbutt Gastronok, but do no damage.
Gastronok is moderately wounded.
Gastronok completely misses you.
A ballistomycete spore comes into view.
You hit Gastronok.
Gastronok is moderately wounded.
You slash Gastronok!
Gastronok is moderately wounded.
Your ballistomycete spore explodes!
Gastronok seems less confused.
You slash Gastronok! You headbutt Gastronok!
Gastronok is heavily wounded.
Gastronok bites you!!
You die...
Fedhas appreciates your contribution to the ecosystem.

.# # #.# #. #.# #. #.#
#.###.# # #.....# #.
#.#.....#.#. ###
#.#..@..# ..[ ##.#
#.#.w...# #.######...
#.#.....# .... #....
##.#.....#.####.###....
#...P....#.............
#........######.####...
#.....##+#........###.#
##'#.##.......#.#.#####
#.#.##.........#.#.###


You could see Gastronok (ally target) and a friendly ballistomycete (summoned).

Vanquished Creatures
  A two-headed ogre (D:7)
  Eustachio (D:6)
  A wyvern (D:7)
  2 steam dragons
  Menkaure (D:6)
  3 water moccasins
  3 sky beasts
  A necrophage (D:5)
  A black bear (D:5)
  A centaur (D:6)
  6 bullfrogs
  A kobold brigand (D:8)
  A scorpion (D:5)
  A water moccasin zombie (D:7)
  A water moccasin skeleton (D:7)
  A killer bee (D:7)
  4 wights (D:8)
  A howler monkey (D:5)
  2 centaur zombies
  3 hounds
  A gnoll shaman (D:6)
  2 orc priests
  2 bullfrog skeletons
  2 centaur skeletons (D:5)
  4 iguanas
  4 orc wizards
  A hound skeleton (D:4)
  4 gnolls
  6 adders
  3 white imps
  A dart slug (D:2)
  9 orcs
  13 bats
  11 endoplasms
  A giant cockroach (D:2)
  3 hobgoblins (D:1)
  3 jackals (D:2)
  6 quokkas
  7 ball pythons
  6 frilled lizards
  4 goblins
  15 kobolds
  10 rats
154 creatures vanquished.

Vanquished Creatures (collateral kills)
  2 ballistomycete spores (D:8)
2 creatures vanquished.

Vanquished Creatures (others)
  A howler monkey zombie (D:6)
1 creature vanquished.

Grand Total: 157 creatures vanquished

Notes
Turn   | Place    | Note
-------+----------+-------------------------------------------
     0 | D:1      | Anon1729 the Minotaur Monk began the quest for the Orb.
     0 | D:1      | Reached XP level 1. HP: 19/19 MP: 0/0
   151 | D:1      | Reached XP level 2. HP: 21/27 MP: 1/1
   572 | D:1      | Reached skill level 4 in Long Blades
   572 | D:1      | Reached XP level 3. HP: 18/32 MP: 2/2
   725 | D:1      | Found Ahayryaf's General Store.
  1837 | D:2      | Reached XP level 4. HP: 38/41 MP: 3/3
  2576 | D:3      | Found a shimmering altar of Xom.
  2576 | D:3      | Found a shimmering altar of Xom.
  2576 | D:3      | Found a shimmering altar of Xom.
  2577 | D:3      | Found a shimmering altar of Xom.
  2690 | D:3      | Reached XP level 5. HP: 41/47 MP: 4/4
  3092 | D:3      | Found a shimmering altar of Xom.
  3094 | D:3      | Found a shimmering altar of Xom.
  3098 | D:3      | Found a shimmering altar of Xom.
  3490 | D:4      | Noticed a black bear
  3591 | D:4      | Reached skill level 5 in Fighting
  3658 | D:4      | Reached skill level 5 in Long Blades
  4221 | D:4      | You fall into a shaft and drop 3 floors!
  4264 | D:7      | Noticed a steam dragon
  4288 | D:7      | Reached XP level 6. HP: 37/56 MP: 5/5
  4593 | D:6      | Reached skill level 1 in Armour
  4818 | D:6      | Reached skill level 5 in Dodging
  4862 | D:6      | Noticed a steam dragon
  4863 | D:6      | Noticed Menkaure
  4916 | D:5      | Entered Level 5 of the Dungeon
  4920 | D:5      | Reached XP level 7. HP: 28/61 MP: 6/6
  5397 | D:5      | Found a blossoming altar of Fedhas.
  5434 | D:5      | Reached skill level 6 in Long Blades
  5853 | D:5      | Became a worshipper of Fedhas Madash
  5853 | D:5      | Reached * piety under Fedhas
  5853 | D:5      | Reached ** piety under Fedhas
  5864 | D:5      | Found a hazy altar of Hepliaklqana.
  5977 | D:5      | Reached XP level 8. HP: 71/71 MP: 7/7
  6624 | D:6      | Reached skill level 1 in Invocations
  6759 | D:6      | Killed Menkaure
  6760 | D:6      | Reached skill level 7 in Long Blades
  7070 | D:6      | Identified the +3 war axe of Strategic Superiority {freeze,
                  | Stlth+}
  7070 | D:6      | Noticed Eustachio
  7091 | D:6      | Killed Eustachio
  7092 | D:6      | Reached skill level 8 in Long Blades
  7407 | D:7      | Reached XP level 9. HP: 79/80 MP: 10/10
  7507 | D:7      | Found a staircase to the Ecumenical Temple.
  7579 | D:7      | Found a hide-covered altar of Uskayaw.
  7702 | D:7      | Noticed a two-headed ogre
  7710 | D:7      | Killed a two-headed ogre
  7711 | D:7      | Reached skill level 9 in Long Blades
  7746 | Temple   | Entered the Ecumenical Temple
  8085 | D:7      | Reached skill level 10 in Long Blades
  8200 | D:8      | Reached *** piety under Fedhas
  8866 | D:8      | Noticed Gastronok
  8884 | D:8      | Slain by Gastronok

Illustrated notes

Levels and vault maps discovered:
D:1:      psy_arrival_heroes, layout_basic, serial_shops,
          nicolae_shop_statue_plus
D:2:      kennysheep_big_flooded_room, layout_basic, hex_tiny
D:3:      layout_basic, nicolae_xom_altar_mimics, dk_noncrumbling_3,
          columned_hall_lemuel
D:4:      layout_loops_ring
D:5:      layout_loops_ring, mainiacjoe_overflow_swirl,
          chequers_serial_rivers_micro_c
D:6:      layout_basic, uniq_menkaure, uniq_eustachio
D:7:      layout_rooms, nicolae_uskayaw_suspiria, minmay_temple_entry_ruins,
          minmay_joined_circles
D:8:      layout_basic, mainiacjoe_overflow_alcove_1, st_stairs_11,
          roderic_batcave, uniq_gastronok
Temple:   nicolae_temple_x_marks_the_god

Skill      XL: |  1  2  3  4  5  6  7  8  9 |
---------------+----------------------------+-----
Fighting       | 4 5 6 7 8 |  8.8
Stealth        | 2 3 4 |  4.4
Long Blades    | 4 5 6 8 10 | 10.2
Dodging        | 4 5 6 7 8 |  8.1
Armour         | 1 2 |  2.0
Invocations    | 2 4 |  4.6

Action                   |  1- 3 |  4- 6 |  7- 9 || total
-------------------------+-------+-------+-------++-------
Melee: Falchion          |    25 |       |     6 ||    31
       Headbutt          |    14 |    15 |    44 ||    73
       Short sword       |    46 |    86 |    72 ||   204
       Great sword       |       |    12 |   111 ||   123
Throw: Javelin           |       |       |     2 ||     2
Invok: Grow Ballistomyce |       |       |     1 ||     1
Evoke: Wand              |       |       |     1 ||     1
 Stab: Sleeping          |     7 |     3 |     8 ||    18
Armor: Robe              |    11 |    15 |     7 ||    33
       Steam dragon scal |       |       |    15 ||    15
Dodge: Dodged            |    52 |    67 |   215 ||   334
       Rpst.: Falchion   |     6 |       |     4 ||    10
       Great sword       |       |     3 |    47 ||    50

Table legend: (Time is in decaauts)
 A = Elapsed time spent in this place.
 B = Non-inter-level travel time spent in this place.
 C = Inter-level travel time spent in this place.
 D = Time resting spent in this place.
 E = Time spent auto-exploring this place.
 F = Levels seen in this place.
 G = Mean time per level.
                   A        B        C        D        E       F      G
               +--------+--------+--------+--------+--------+-----+--------+
         Total |   8911 |   8451 |    460 |   1291 |   5982 |   9 |  990.1 |
       Dungeon |   8675 |   8215 |    460 |   1057 |   5982 |   8 | 1084.4 |
        Temple |    235 |    235 |      0 |    234 |      0 |   1 |  235.0 |
               +--------+--------+--------+--------+--------+-----+--------+

Top non-repeatable levels by time:
     D:6: 1600 daAuts
     D:1: 1387 daAuts
     D:5: 1189 daAuts
     D:2: 1121 daAuts
     D:7: 1083 daAuts
     D:4: 949 daAuts
     D:3: 943 daAuts
     D:8: 400 daAuts
  Temple: 235 daAuts
